 Dungeon Crawl Stone Soup version 0.23-a0-391-g8c51ad5 (webtiles) character file.

4292 MTVSty1e the Cleaver (level 10, 0/68 HPs)
             Began as a Gargoyle Fighter on Oct 30, 2018.
             Was a Follower of Okawaru.
             Slain by a troll zombie (4 damage)
             ... on level 8 of the Dungeon.
             The game lasted 00:12:13 (7870 turns).

MTVSty1e the Cleaver (Gargoyle Fighter)             Turns: 7870, Time: 00:12:13

Health: 0/68       AC: 23    Str: 22    XL:     10   Next: 32%
Magic:  8/10       EV:  8    Int: 10    God:    Okawaru [*.....]
Gold:   496        SH:  7    Dex:  7    Spells: 9/9 levels left

rFire    + . .     SeeInvis .   w - +3 hand axe (chop)
rCold    x . .     Gourm    .   k - +2 buckler "Waagg" {rN+ Dex-2 Stlth+}
rNeg     + + .     Faith    .   x - +0 plate armour
rPois    ∞         Spirit   .   (no helmet)
rElec    +         Reflect  .   t - +0 cloak
rCorr    .         Harm     .   r - +0 pair of gloves
MR       .....                  (no boots)
Stlth    ..........             l - amulet of rage
HPRegen  0.21/turn              b - ring of fire
MPRegen  0.12/turn              (no ring)

@: heroism, berserk cooldown, slowed, very slow
A: negative energy resistance 1, electricity resistance, unbreathing,
petrification resistance, rot immunity, AC +7
a: Heroism, Renounce Religion, Evoke Berserk Rage


You were on level 8 of the Dungeon.
You worshipped Okawaru.
Okawaru was aware of your devotion.
You were not hungry.

You visited 2 branches of the dungeon, and saw 9 of its levels.

You collected 496 gold pieces.

Inventory:

Hand Weapons
 a - a +1 war axe
 w - a +3 hand axe of chopping (weapon)
 C - a +0 morningstar
Armour
 c - a +0 shield
 k - the +2 buckler "Waagg" (worn) {rN+ Dex-2 Stlth+}
   (You found it on level 5 of the Dungeon)

   It affects your dexterity (-2).
   It protects you from negative energy.
   It makes you more stealthy.
 r - a +0 pair of gloves (worn)
 t - a +0 cloak (worn)
 x - a +0 plate armour (worn)
Jewellery
 b - a ring of fire (left hand)
 l - an amulet of rage (around neck)
Wands
 d - a wand of enslavement (9)
 g - a wand of digging (8)
 p - a wand of scattershot (6)
 u - a wand of acid (15)
 y - a wand of flame (8)
 A - a wand of clouds (5)
Scrolls
 e - 3 scrolls of magic mapping
 i - a scroll of teleportation
 o - a scroll of blinking
 s - a scroll of identify
 v - 2 scrolls of remove curse
Potions
 h - 6 potions of curing
 j - 2 potions of agility
 m - 3 potions of flight {unknown}
 n - a potion of ambrosia {unknown}
 q - a potion of mutation {unknown}
 z - a potion of might
Comestibles
 f - 14 rations


   Skills:
 + Level 9.8(14.8) Fighting
 * Level 11.1(16.1) Axes
 - Level 3.2(8.2) Armour
 - Level 3.2(8.2) Shields


You had 9 spell levels left.
You didn't know any spells.
Your spell library contained the following spells:

 Spells                   Type           Power        Failure   Level  Hunger
 Confusing Touch          Hex            #.....       99%         1    ##.....
 Confuse                  Hex            #.......     100%        3    ####...
 Gell's Gravitas          Tloc           #.........   100%        3    ####...
 Petrify                  Tmut/Erth      #.......     100%        4    #####..
 Metabolic Englaciation   Hex/Ice        #.........   100%        5    ######.
 Yara's Violent Unravell  Hex/Tmut       #.........   100%        5    ######.


Dungeon Overview and Level Annotations

Branches:
Dungeon (8/15)             Temple (1/1) D:5
   Lair: D:8-11

Altars:
Ashenzari
Cheibriados
Dithmenos
Elyvilon
Fedhas
Gozag
Hepliaklqana
Kikubaaqudgha
Makhleb
Nemelex Xobeh
Okawaru
Qazlal
Ru
Sif Muna
Uskayaw
Vehumet
Wu Jian
Xom
Yredelemnul
Zin
The Shining One

Shops:
D:5 [

Annotations:
D:4 exclusion: statue
D:7 2 runed doors, Tenar's ghost, novice BaFi


Innate Abilities, Weirdness & Mutations

You are resistant to torment.
Your stone body is resilient. (AC +7)
You are immune to poison.
You resist negative energy. (rN+)
You are resistant to electric shocks. (rElec)
You can survive without breathing.
You are immune to petrification.
You are immune to rotting.


Message History

The troll zombie barely misses you. x3; You block the elf skeleton's attack.
You slash the troll zombie!
The troll zombie is moderately damaged.
Your plate armour prevents you from hitting the mummy.
You slash the elf skeleton! You block the mummy's attack.
You slash the troll zombie!
The troll zombie is heavily damaged.
You hit the elf skeleton. You hit the mummy.
The elf skeleton hits you but does no damage.
The troll zombie bites you.
* * * LOW HITPOINT WARNING * * *
The troll zombie claws you but does no damage.
The troll zombie barely misses you. The mummy hits you!
* * * LOW HITPOINT WARNING * * *
You gain the combat prowess of a mighty hero.
The elf skeleton hits you but does no damage.
The troll zombie bites you.
* * * LOW HITPOINT WARNING * * *
The troll zombie claws you.
You die...

####### #.#_#.#
'#'#.#Z#)#'#####
......Z@)..)'..#
'#'#'#M#)#'###.#
#.#.#.##8.#
#########.#
#.#####..#
#.......##
#.####### #.#
#.#


You could see a mummy, a troll zombie and an elf skeleton.

Vanquished Creatures
  The ghost of pidr the Covered, a novice BaFi (D:4)
  A wraith (D:8)
  Eustachio (D:5)
  2 humans (D:7)
  A water moccasin (D:6)
  An ice beast (D:6)
  3 orc warriors
  3 ogres (D:7)
  A sky beast (D:6)
  A phantom (D:8)
  2 centaurs
  A big kobold (D:8)
  4 bullfrogs
  2 scorpions
  8 killer bees (D:8)
  A jelly (D:8)
  A troll zombie (D:8)
  2 howler monkeys (D:8)
  2 wights (D:8)
  4 electric eels (D:7)
  A crimson imp (D:6)
  2 centaur zombies
  7 hounds
  A quasit (D:6)
  4 orc priests
  3 bullfrog skeletons
  2 human zombies (D:8)
  4 orc wizards
  An iguana (D:5)
  2 human skeletons (D:8)
  7 worker ants
  2 worker ant zombies
  A howler monkey zombie (D:6)
  4 adders
  3 shadow imps
  An ooze (D:3)
  2 worms
  4 dart slugs
  7 leopard geckos
  38 orcs
  A ball python (D:2)
  5 bats
  3 bat zombies (D:5)
  A giant cockroach (D:1)
  8 goblins
  11 hobgoblins
  9 jackals
  2 quokkas
  5 frilled lizards
  15 kobolds
  A leopard gecko skeleton (D:4)
  An orc skeleton (D:8)
  A quokka skeleton (D:4)
  5 rats
  A rat zombie (D:5)
207 creatures vanquished.

Vanquished Creatures (others)
  An orc (D:7)
  A jackal skeleton (D:5)
  A plant (D:7)
3 creatures vanquished.

Grand Total: 210 creatures vanquished

Notes
Turn   | Place    | Note
-------+----------+-------------------------------------------
     0 | D:1      | MTVSty1e the Gargoyle Fighter began the quest for the Orb.
     0 | D:1      | Reached XP level 1. HP: 14/14 MP: 1/1
   101 | D:1      | Reached skill level 2 in Axes
   185 | D:1      | Reached XP level 2. HP: 19/19 MP: 2/2
   492 | D:1      | Reached XP level 3. HP: 21/24 MP: 3/3
   856 | D:2      | Reached skill level 3 in Axes
  1231 | D:3      | Reached XP level 4. HP: 29/29 MP: 4/4
  1464 | D:3      | Reached XP level 5. HP: 24/33 MP: 5/5
  1607 | D:3      | Reached skill level 4 in Axes
  1870 | D:3      | Found a shattered altar of Ashenzari.
  2168 | D:4      | Reached XP level 6. HP: 39/40 MP: 6/6
  2198 | D:4      | Reached skill level 5 in Fighting
  2202 | D:4      | Reached skill level 5 in Axes
  2373 | D:4      | Found a runed door.
  2378 | D:4      | Noticed pidr's ghost (novice BaFi)
  2444 | D:4      | Killed pidr's ghost
  2444 | D:4      | Reached skill level 6 in Axes
  2444 | D:4      | Reached XP level 7. HP: 30/46 MP: 7/7
  2870 | D:4      | Found a radiant altar of Vehumet.
  2889 | D:4      | Found a shadowy altar of Dithmenos.
  3613 | D:4      | Found a snail-covered altar of Cheibriados.
  3658 | D:5      | Entered Level 5 of the Dungeon
  3670 | D:5      | Found a stormy altar of Qazlal.
  3699 | D:5      | Reached XP level 8. HP: 49/52 MP: 8/8
  3872 | D:5      | Noticed Eustachio
  3934 | D:5      | Killed Eustachio
  3934 | D:5      | Reached skill level 7 in Axes
  4441 | D:5      | Found a staircase to the Ecumenical Temple.
  4447 | D:5      | Got a smoking buckler
  4458 | D:5      | Identified the +2 buckler "Waagg" {rN+ Dex-2 Stlth+} (You
                  | found it on level 5 of the Dungeon)
  4462 | Temple   | Entered the Ecumenical Temple
  4681 | D:5      | Found a burning altar of Makhleb.
  4681 | D:5      | Noticed an Executioner
  4742 | D:5      | Found an ancient bone altar of Kikubaaqudgha.
  4783 | D:5      | Found Fiawiobb's Armour Shop.
  5229 | D:6      | Reached skill level 8 in Axes
  5417 | D:6      | Reached XP level 9. HP: 39/58 MP: 9/9
  5483 | D:6      | Found a glowing silver altar of Zin.
  5683 | D:6      | Reached skill level 9 in Axes
  6551 | D:7      | Found an iron altar of Okawaru.
  6572 | D:7      | Reached skill level 10 in Axes
  6573 | D:7      | Became a worshipper of Warmaster Okawaru
  6610 | D:7      | Found a large runed door.
  6610 | D:7      | Found a large runed door.
  6611 | D:7      | Noticed Tenar's ghost (novice BaFi)
  6989 | D:8      | Found a blossoming altar of Fedhas.
  7024 | D:8      | Reached XP level 10. HP: 43/66 MP: 10/10
  7052 | D:8      | Reached * piety under Okawaru
  7836 | D:8      | Found an ancient bone altar of Kikubaaqudgha.
  7851 | D:8      | Reached skill level 11 in Axes
  7870 | D:8      | Slain by a troll zombie

Vault maps used:
D:1:      dpeg_arrival_yet_another_circle
D:3:      ashenzari_altar_1
D:4:      kennysheep_little_box, vehumet_statue,
          nicolae_dithmenos_shadow_blocks, first_ration, ebering_ghost_sewer_d
D:5:      lemuel_zombie_altar_kikubaaqudgha, makhleb_altar_promises_db,
          minmay_temple_entry_overgrown, serial_shops, kennysheep_mini_moat,
          grunt_qazlal_clouds, uniq_eustachio
D:6:      zin_statuary
D:7:      okawaru_humans, ebering_ghost_disaster_area, serial_bayou_lake_a
D:8:      basic_altar, lemuel_mausoleum_altar_kikubaaqudgha
Temple:   nicolae_temple_figure_eight

Skill      XL: |  1  2  3  4  5  6  7  8  9 10 |
---------------+-------------------------------+-----
Axes           | 2 3 4 6 8 10 11 | 11.1
Fighting       | 4 6 7 9 |  9.8
Armour         | |  3.2
Shields        | |  3.2

Action                   |  1- 3 |  4- 6 |  7- 9 | 10-12 || total
-------------------------+-------+-------+-------+-------++-------
Melee: War axe           |   169 |   148 |   164 |       ||   481
       Hand axe          |       |       |   252 |   114 ||   366
Invok: Heroism           |       |       |       |     1 ||     1
 Abil: Evoke Berserk Rag |       |       |       |     1 ||     1
  Use: Scroll            |     6 |     5 |     4 |     1 ||    16
       Potion            |       |     3 |     1 |       ||     4
  Eat: Chunk             |     1 |     1 |       |       ||     2
       Ration            |       |     1 |     5 |     1 ||     7
Armor: Scale mail        |   114 |    70 |   163 |       ||   347
       Skin              |       |    24 |       |       ||    24
       Plate armour      |       |       |    73 |    84 ||   157
Dodge: Dodged            |    79 |    41 |   151 |    29 ||   300
Block: Shield            |   107 |    87 |    74 |       ||   268
       Buckler           |       |       |    57 |    38 ||    95

Table legend:
 A = Non-vault XP
 B = Vault XP
 C = Vault XP percentage of total XP
 D = Non-vault monster count
 E = Vault monster count
 F = Vault count percentage of total count
                 A         B        C        D         E       F
            +---------+---------+-------+---------+---------+-------
      Total |    4465 |    1667 |  27.2 |     188 |      20 |   9.6
            +---------+---------+-------+---------+---------+-------
        D:1 |      48 |       0 |   0.0 |      25 |       0 |   0.0
        D:2 |      26 |       0 |   0.0 |      16 |       0 |   0.0
        D:3 |     171 |       0 |   0.0 |      34 |       0 |   0.0
        D:4 |     365 |     516 |  58.6 |      18 |       4 |  18.2
        D:5 |     360 |     204 |  36.2 |      16 |       5 |  23.8
        D:6 |    1045 |       0 |   0.0 |      23 |       0 |   0.0
        D:7 |     901 |     392 |  30.3 |      20 |       2 |   9.1
        D:8 |    1549 |     555 |  26.4 |      36 |       9 |  20.0
            +---------+---------+-------+---------+---------+-------
